 Dungeon Crawl Stone Soup version 0.21.1-1-g345015f (webtiles) character file.

136 Santreim the Firebug (level 4, -6/33 HPs)
             Began as a Draconian Fire Elementalist on Mar 31, 2018.
             Was an Initiate of Qazlal.
             Killed from afar by a jackal (39 damage)
             ... with an exploding inner flame
             ... hexed by the player character
             ... on level 3 of the Dungeon.
             The game lasted 00:19:06 (1608 turns).

Santreim the Firebug (Draconian Fire Elementalist)  Turns: 1608, Time: 00:19:08

Health: -6/33      AC:  6    Str: 11    XL:     4   Next: 98%
Magic:  2/7        EV: 12    Int: 16    God:    Qazlal [......]
Gold:   165        SH:  0    Dex: 11    Spells: 2/8 levels left

rFire    . . .     SeeInvis .   f - +2 short sword (venom)
rCold    . . .     Gourm    .   (no shield)
rNeg     . . .     Faith    .   (armour unavailable)
rPois    .         Spirit   .   c - +1 hat
rElec    .         Reflect  .   (no cloak)
rCorr    .         Harm     .   (no gloves)
MR       .....                  (no boots)
Stlth    ++........             (no amulet)
HPRegen  0.11/turn              (no ring)
MPRegen  0.10/turn              (no ring)

@: no status effects
A: unfitting armour, cold-blooded, AC +5
a: Renounce Religion


You were on level 3 of the Dungeon.
You worshipped Qazlal.
Qazlal was noncommittal.
You were not hungry.

You visited 1 branch of the dungeon, and saw 3 of its levels.

You collected 165 gold pieces.

Inventory:

Hand Weapons
 d - a +1 whip
 f - a +2 short sword of venom (weapon)
Armour
 c - a +1 hat (worn)
Scrolls
 h - 2 scrolls of remove curse
Books
 a - a book of Flames

   Spells                             Type                      Level
   a - Flame Tongue                   Conjuration/Fire             1
   b - Throw Flame                    Conjuration/Fire             2
   c - Conjure Flame                  Conjuration/Fire             3
   d - Inner Flame                    Hexes/Fire                   3
   e - Sticky Flame                   Conjuration/Fire             4
   f - Fireball                       Conjuration/Fire             5
Comestibles
 b - a ration


   Skills:
 + Level 0.2 Fighting
 + Level 0.1 Short Blades
 - Level 0.2 Maces & Flails
 + Level 2.7 Dodging
 + Level 2.1 Stealth
 + Level 2.6 Spellcasting
 + Level 2.0 Conjurations
 + Level 4.0 Fire Magic


You had 2 spell levels left.
You knew the following spells:

 Your Spells              Type           Power        Failure   Level  Hunger
a - Flame Tongue          Conj/Fire      ##...        5%          1    #......
b - Throw Flame           Conj/Fire      ##....       9%          2    ##.....
c - Inner Flame           Hex/Fire       #.......     26%         3    ###....


Dungeon Overview and Level Annotations

Branches:
Dungeon (3/15)

Altars:
Kikubaaqudgha
Okawaru
Qazlal


Innate Abilities, Weirdness & Mutations

Your plain brown scales are hard. (AC +5)
You cannot fit into any form of body armour.
You are cold-blooded and may be slowed by cold attacks.


Message History

Confirm with . or Enter, or press ? or * to list all spells.
Aiming: Flame Tongue
Press: ? - help, Shift-Dir - straight line, f/p - jackal
Aim: a jackal (inner flame)
The flame tongue hits the jackal.
The jackal is lightly wounded.
The jackal barely misses you. x2; The jackal closely misses you.
Casting: Flame Tongue
Confirm with . or Enter, or press ? or * to list all spells.
Aiming: Flame Tongue
Press: ? - help, Shift-Dir - straight line, f/p - jackal
Aim: a jackal (lightly wounded, inner flame)
The flame tongue hits the jackal.
The jackal explodes!
The fiery explosion engulfs the jackal.
You kill the jackal!
Qazlal accepts your kill. The fiery explosion engulfs you!
Ouch! That really hurt!
You die...

..# #.# #.# #.#
#.# #.#
###########.#
##h###...........#
#§§@.......#####.#
#...§h###.###.#
##.#.## #.# #.#
..... #.# #<#
###.## #.. #.# #.
### #.# # #.# #.#
#.####


You could see 2 jackals.

Vanquished Creatures
  Natasha (thrice) (D:2)
  An adder (D:2)
  A worm (D:2)
  2 leopard geckos
  4 bats
  A giant cockroach (D:2)
  4 goblins
  6 hobgoblins
  7 jackals
  5 kobolds
  3 frilled lizards (D:1)
  6 rats
  5 rat zombies (D:2)
48 creatures vanquished.

Notes
Turn   | Place    | Note
-------+----------+-------------------------------------------
     0 | D:1      | Santreim the Draconian Fire Elementalist began the quest for the Orb.
     0 | D:1      | Reached XP level 1. HP: 14/14 MP: 3/3
   109 | D:1      | Reached XP level 2. HP: 17/20 MP: 0/5
   756 | D:2      | Noticed Natasha
   766 | D:2      | Killed Natasha
   766 | D:2      | Reached XP level 3. HP: 8/26 MP: 0/6
   948 | D:2      | Learned a level 2 spell: Throw Flame
  1118 | D:2      | Found a stormy altar of Qazlal.
  1124 | D:2      | Noticed Natasha
  1125 | D:2      | Found an iron altar of Okawaru.
  1128 | D:2      | Killed Natasha
  1128 | D:2      | Reached XP level 4. HP: 33/33 MP: 4/7
  1135 | D:2      | Noticed Natasha
  1144 | D:2      | Killed Natasha
  1144 | D:2      | Reached skill level 4 in Fire Magic
  1191 | D:2      | Became a worshipper of Qazlal Stormbringer
  1367 | D:2      | Found an ancient bone altar of Kikubaaqudgha.
  1513 | D:2      | Found a faded altar of an unknown god.
  1593 | D:3      | Learned a level 2 spell: Throw Flame
  1597 | D:3      | Learned a level 3 spell: Inner Flame
  1608 | D:3      | Killed from afar by a jackal

Skill      XL: |  1  2  3  4 |
---------------+-------------+-----
Dodging        | 2 |  2.7
Stealth        | 2 |  2.1
Fire Magic     | 4 |  4.0
Conjurations   | 2 |  2.0
Fighting       | |  0.2
Short Blades   | |  0.1
Maces & Flails | |  0.2
Spellcasting   | |  2.6

Action                   |  1- 3 |  4- 6 || total
-------------------------+-------+-------++-------
Melee: Whip              |    27 |       ||    27
       Tailslap          |     3 |     1 ||     4
       Short sword       |     7 |    18 ||    25
 Cast: Flame Tongue      |    44 |     9 ||    53
       Throw Flame       |     1 |     4 ||     5
       Inner Flame       |       |     1 ||     1
  Use: Scroll            |     7 |     1 ||     8
       Potion            |     3 |       ||     3
 Stab: Sleeping          |     1 |       ||     1
  Eat: Chunk             |       |     2 ||     2
       Ration            |       |     1 ||     1
Armor: Skin              |    26 |     6 ||    32
Dodge: Dodged            |    51 |    22 ||    73
